AoeStats
← Tetsu.Japan

Arena

509105923Analyzed
4v4 RM · 7d ago on Sep 25, 2026· 39m 43s· 8 players
Game mode
Random Map
Map size
Large (8 player)
Population
200
Speed
Normal
Resources
Standard
Victory
Conquest
Starting age
Dark Age
Ending age
Imperial Age
RankedLock teamsTeams togetherTeam positionsShared explorationLock speedFull tech treeHidden civsTurbo modeCheats
Victory
Defeat
🇹🇼 Danes · Taiwan
1493
+17
🇨🇳 Vikings · China
1482
+17
🇹🇷 Vietnamese · Türkiye
1459
+18
🇨🇳 Teutons · China
1445
+19
🇯🇵 Saxons · Japan
1631
-23
🇹🇼 Vietnamese · Taiwan
1595
-21
🇧🇷 Mongols · Brazil
1519
-18
🇯🇵 Persians · Japan
1291
-9
向阳花
11:15 Feudal Age
15:28 Castle Age
13:41 Double-Bit Axe
13:38 Horse Collar
17:09 Bow Saw
23:26 Gold Mining
28:05 Imperial Age
26:04 Scale Mail Armor
26:15 Forging
25:47 Man-at-Arms
26:29 Squires
26:14 Arson
26:28 Long Swordsman
27:50 Chain Mail Armor
28:11 Iron Casting
28:36 Gold Shaft Mining
27:52 Stone Mining
28:19 Chieftains
28:09 Two-Handed Swordsman
28:11 Capped Ram
29:01 Siege Ram
30:21 Plate Mail Armor
30:42 Conscription
30:26 Champion
36:48 Blast Furnace
39:09 Elite Berserk
39:14 Elite Varangian Guard
39:25 Elite Varangian Guard
CBRM
10:12 Feudal Age
14:00 Castle Age
12:30 Double-Bit Axe
12:40 Horse Collar
15:19 Bow Saw
21:26 Wheelbarrow
22:13 Gold Mining
23:37 Hand Cart
23:12 Loom
25:24 Husbandry
28:00 Imperial Age
25:42 Forging
26:32 Scale Barding Armor
26:39 Bloodlines
26:47 Heavy Plow
27:58 Chatras
28:36 Chain Barding Armor
28:06 Elite Battle Elephant
29:24 Iron Casting
29:17 Town Watch
31:20 Plate Barding Armor
31:23 Fletching
33:10 Paper Money
33:04 Padded Archer Armor
36:12 Bodkin Arrow
37:26 Bracer
38:38 Two-Man Saw
38:09 Crop Rotation
39:02 Stone Mining
xinyuan.zhao22
5:39 Loom
8:33 Feudal Age
9:21 Double-Bit Axe
21:42 Castle Age
19:59 Fletching
20:37 Gold Mining
21:48 Stone Mining
23:02 Bow Saw
23:10 Guard Tower
23:53 Bodkin Arrow
27:29 Wheelbarrow
28:45 Hand Cart
32:34 Town Watch
35:41 Imperial Age
33:46 Forging
33:37 Scale Mail Armor
33:56 Horse Collar
33:49 Pikeman
34:29 Squires
34:15 Gambesons
34:51 Town Patrol
36:01 Chain Mail Armor
36:21 Iron Casting
35:33 Arson
36:20 Sanctity
37:41 Two-Man Saw
36:43 Heavy Plow
37:16 Plate Mail Armor
38:33 Keep
38:10 Masonry
40:18 Chemistry
40:22 Crop Rotation
39:41 Capped Ram
騷護士
8:57 Feudal Age
9:27 Loom
14:16 Castle Age
13:51 Double-Bit Axe
15:20 Wheelbarrow
21:39 Bow Saw
24:59 Gold Mining
24:51 Horse Collar
27:56 Heavy Plow
32:02 Imperial Age
29:52 Hand Cart
32:33 Scale Mail Armor
32:44 Forging
33:34 Chain Mail Armor
33:31 Hamask
33:37 Pikeman
34:18 Squires
34:03 Gambesons
34:05 Arson
34:21 Halberdier
35:35 Plate Mail Armor
35:41 Iron Casting
36:17 Gold Shaft Mining
36:37 Conscription
38:33 Blast Furnace
happikon.6139
10:15 Feudal Age
8:59 Loom
16:09 Castle Age
14:41 Horse Collar
14:47 Double-Bit Axe
22:48 Town Watch
37:27 Heavy Plow
38:27 Wheelbarrow
Tetsu.Japan
8:50 Loom
11:02 Feudal Age
16:17 Castle Age
15:05 Double-Bit Axe
16:17 Horse Collar
17:47 Bow Saw
18:35 Heavy Plow
26:45 Wheelbarrow
26:56 Stone Mining
28:56 Hand Cart
28:38 Gold Mining
28:36 Town Watch
32:42 Imperial Age
31:30 Ballistics
31:18 Scale Barding Armor
31:23 Murder Holes
31:58 Husbandry
32:09 Bloodlines
32:24 Chain Barding Armor
32:34 Masonry
32:41 Forging
33:15 Gold Shaft Mining
33:17 Stone Shaft Mining
33:16 Elite War Elephant
34:19 Conscription
35:21 Chemistry
35:17 Plate Barding Armor
37:36 Kamandaran
39:07 Two-Man Saw
38:49 Iron Casting
38:06 Fletching
38:53 Squires
38:14 Pikeman
38:49 Elite Skirmisher
39:51 Devotion
sci621
11:52 Feudal Age
13:36 Wheelbarrow
12:52 Double-Bit Axe
12:49 Horse Collar
13:02 Gold Mining
15:42 Castle Age
16:55 Bow Saw
17:03 Hand Cart
20:57 Heavy Plow
25:46 Loom
29:11 Imperial Age
26:50 Scale Barding Armor
26:56 Forging
26:59 Stone Mining
28:20 Chain Barding Armor
29:16 Iron Casting
29:33 Bloodlines
29:24 Husbandry
30:22 Stone Shaft Mining
30:33 Plate Barding Armor
32:40 Fortified Wall
32:41 Masonry
32:06 Elite Battle Elephant
35:22 Loom
Cadora
9:59 Feudal Age
15:22 Castle Age
13:09 Double-Bit Axe
13:05 Horse Collar
16:26 Bow Saw
16:17 Heavy Plow
17:30 Wheelbarrow
20:04 Stone Mining
22:39 Hand Cart
23:24 Gold Mining
27:06 Gold Shaft Mining
29:33 Imperial Age
26:52 Loom
28:07 Ballistics
27:38 Fletching
27:49 Padded Archer Armor
28:31 Bloodlines
28:21 Husbandry
28:51 Bodkin Arrow
29:53 Leather Archer Armor
29:39 Town Watch
30:15 Bracer
29:38 Elite Mangudai
32:03 Parthian Tactics
31:44 Thumb Ring
32:58 Chemistry
38:55 Heavy Camel Rider
Connection lost

Rejoining the realm…

Still unreachable

The connection could not be restored.

Session expired

The server has moved on; the page needs a fresh start.